 Dungeon Crawl Stone Soup version 0.30.1-3-gfc49f6343a (webtiles) character file.

Game seed: 16117602927846267552

529 Wiggles the Chopper (level 7, 0/61 HPs)
             Began as a Minotaur Berserker on July 29, 2023.
             Was a Priest of Trog.
             Slain by a centaur (2 damage)
             ... on level 5 of the Dungeon.
             The game lasted 00:06:22 (3287 turns).

Wiggles the Chopper (Minotaur Berserker)            Turns: 3287, Time: 00:06:22

Health: 0/61       AC:  2    Str: 23    XL:     7   Next: 3%
Magic:  6/6        EV:  7    Int: 14    God:    Trog [***...]
Gold:   163        SH:  0    Dex: 10    Spells: 6/6 levels left

rFire   . . .        a - +0 hand axe
rCold   . . .        (no shield)
rNeg    . . .        y - +0 plate armour
rPois   +            (helmet restricted)
rElec   .            i - +0 cloak
rCorr   .            (no gloves)
SInv    .            m - +0 pair of boots of Courage {Harm *Corrode Fly Int+4}
Will    .....        (no amulet) Stlth
                     b - +6 ring of intelligence
HPRegen 0.30/turn    x - ring of poison resistance
MPRegen 0.10/turn

%: corrode self (3%), harm (+30% outgoing, +20% incoming)
@: corroded, flying
A: horns 2, retaliatory headbutt
a: Renounce Religion, Berserk, Trog's Hand


You were on level 5 of the Dungeon.
You worshipped Trog.
Trog was most pleased with you.
You visited 1 branch of the dungeon, and saw 5 of its levels.
You also visited: Sewer.

You collected 163 gold pieces.

Inventory:

Hand Weapons
 a - a +0 hand axe (weapon)
Missiles
 v - a throwing net (quivered)
Armour
 i - a +0 cloak (worn)
 m - the +0 pair of boots of Courage (worn) {Harm *Corrode Fly Int+4}
   (You found it on level 3 of the Dungeon)

   Int:       It affects your intelligence (+4).
   Fly:       It grants you flight.
   *Corrode:  It may corrode you when you take damage.
   Harm:      It increases damage dealt and taken.
 y - a +0 plate armour (worn)
Jewellery
 b - a +6 ring of intelligence (left hand)
 d - a ring of ice
 x - a ring of poison resistance (right hand)
Wands
 s - a wand of acid (11)
Scrolls
 c - 2 scrolls of teleportation {unknown}
 g - a scroll of fog {unknown}
 n - 4 scrolls of identify {unknown}
 o - a scroll of torment {unknown}
 p - 2 scrolls of blinking
 t - 2 scrolls of vulnerability {unknown}
Potions
 e - a potion of degeneration {unknown}
 f - 2 potions of curing {unknown}
 h - a potion of resistance {unknown}
 j - a potion of berserk rage {unknown}
 l - 3 potions of attraction {unknown}
 q - a potion of heal wounds {unknown}
 r - a potion of cancellation {unknown}
 u - a potion of haste {unknown}
 w - a potion of brilliance {unknown}


   Skills:
 + Level 5.4 Fighting
 + Level 7.0 Axes
 + Level 4.4 Armour
 + Level 3.6 Dodging
 + Level 0.5 Stealth


You had 6 spell levels left.
You didn't know any spells.
Your spell library was empty.

Dungeon Overview and Level Annotations

Branches:
Dungeon (5/15)             Temple (0/1) D:4           Sewer (visited)

Altars:
Cheibriados
Okawaru
Ru
The Shining One

Shops:
D:3 =


Innate Abilities, Weirdness & Mutations

You have a pair of horns on your head.
You reflexively headbutt those who attack you in melee.


Message History

The centaur hits you but does no damage.
The centaur barely misses you. x2; You furiously retaliate!
You headbutt the centaur, but do no damage.
The centaur kicks you but does no damage.
You hit the centaur.
The centaur is moderately wounded.
You hit the jelly but do no damage. The acid corrodes you!
Your hands burn!
The jelly hits you but does no damage. The centaur closely misses you.
The centaur barely misses you.
You hit the centaur but do no damage. Your headbutt misses the centaur.
The centaur is moderately wounded.
You hit the jelly but do no damage.
Your hands burn!
The centaur hits you but does no damage.
The centaur kicks you but does no damage.
The jelly hits you but does no damage. The centaur barely misses you.
The centaur kicks you but does no damage.
You hit the centaur but do no damage.
The centaur is moderately wounded.
You hit the jelly. The acid corrodes you!
Your hands burn!
The jelly hits you. The acid corrodes you!
You are splashed with acid.
The centaur hits you.
The centaur kicks you but does no damage.
You closely miss the centaur. Your headbutt misses the centaur.
The centaur is moderately wounded.
You hit the jelly but do no damage.
Your hands burn!
* * * LOW HITPOINT WARNING * * *
The centaur hits you.
* * * LOW HITPOINT WARNING * * *
The centaur kicks you.
* * * LOW HITPOINT WARNING * * *
The jelly hits you.
* * * LOW HITPOINT WARNING * * *
You are splashed with acid!
* * * LOW HITPOINT WARNING * * *
You hit the centaur.
The centaur is severely wounded.
You barely miss the jelly. The centaur closely misses you.
The centaur kicks you but does no damage.
The jelly closely misses you. The centaur barely misses you.
The centaur kicks you.
You die...

..... #....# .##
##....### ....
##.......#
...##.........
#.#.<........
##............
###.............
........@J......
.....#..c.......
.....##.........
.... #.........
.... #.$.......
##. #.###.....
#.# ###.. #.# .#


You could see a centaur and a jelly.

Vanquished Creatures
  A black bear (D:4)
  2 bullfrogs (Sewer)
  A gnoll bouda (D:4)
  Ijyb (D:3)
  Terence (D:2)
  An iguana (D:4)
  4 gnolls (D:4)
  4 adders
  A river rat (D:3)
  3 worms
  2 dart slugs
  18 ball pythons
  14 endoplasms
  9 giant cockroaches
  7 goblins
  8 hobgoblins
  2 jackals (D:3)
  5 kobolds
  7 quokkas
  7 bats
  10 frilled lizards
  10 rats
118 creatures vanquished.

Notes
Turn   | Place    | Note
-------+----------+-------------------------------------------
     0 | D:1      | Wiggles the Minotaur Berserker began the quest for the Orb.
     0 | D:1      | Reached XP level 1. HP: 19/19 MP: 0/0
   170 | D:1      | Reached XP level 2. HP: 27/27 MP: 1/1
   268 | D:1      | Reached skill level 4 in Axes
   633 | D:1      | Reached XP level 3. HP: 34/34 MP: 2/2
   724 | D:2      | Reached ** piety under Trog
   936 | D:2      | Found a faded altar of an unknown god.
   938 | D:2      | Noticed Terence
   948 | D:2      | Killed Terence
   949 | D:2      | Reached XP level 4. HP: 41/41 MP: 3/3
  1444 | D:3      | Identified the +0 pair of boots of Courage {Harm *Corrode
                  | Fly Int+4}
  1471 | D:3      | Found a glowing drain.
  1489 | Sewer    | Entered a sewer
  1504 | Sewer    | Reached skill level 5 in Axes
  1635 | Sewer    | Reached XP level 5. HP: 47/47 MP: 4/4
  1643 | Sewer    | Reached *** piety under Trog
  1685 | Sewer    | Reached skill level 5 in Fighting
  1685 | Sewer    | Reached skill level 6 in Axes
  1685 | Sewer    | Reached XP level 6. HP: 39/56 MP: 5/5
  1954 | D:3      | Noticed Ijyb
  1955 | D:3      | Found a sacrificial altar of Ru.
  1961 | D:3      | Killed Ijyb
  2025 | D:3      | Identified the +9 sling "Zanlollameh" {antimagic, rF++
                  | rCorr}
  2072 | D:3      | Found Toobeod Haik's Jewellery Shoppe.
  2168 | D:4      | Identified the +7 flail "Giumn" {flame, Str+2}
  2282 | D:4      | Found a staircase to the Ecumenical Temple.
  2370 | D:4      | Found an iron altar of Okawaru.
  2872 | D:4      | Found a snail-covered altar of Cheibriados.
  2982 | D:4      | Reached skill level 7 in Axes
  2982 | D:4      | Reached XP level 7. HP: 60/61 MP: 6/6
  3059 | D:4      | Found a glowing golden altar of the Shining One.
  3274 | D:5      | Entered Level 5 of the Dungeon
  3286 | D:5      | HP: 1/61 [acid (10)]
  3287 | D:5      | Slain by a centaur

Illustrated notes

Levels and vault maps discovered:
D:1:      lemuel_arrival_river_bridge, layout_basic, minmay_tromino_i4
D:2:      layout_loops_ring, dreamdust_ecumenical_altar_grove, uniq_terence
D:3:      layout_basic, mainiacjoe_overflow_catwalk,
          cheibrodos_sewer_entry_sluice, serial_shops, nicolae_shop_crystal,
          uniq_ijyb
D:4:      layout_layer_cave, marbit_many_paths, kennysheep_little_box,
          nicolae_tso_carved_into_rock, minmay_temple_entry_stoned_glass
D:5:      layout_layer_cave, nicolae_concentric_dashed_squares_wild

Skill      XL: |  1  2  3  4  5  6 |
---------------+-------------------+-----
Fighting       | 4 5 |  5.4
Axes           | 4 5 6 7 |  7.0
Dodging        | 3 |  3.6
Armour         | 3 4 |  4.4
Stealth        | |  0.5

Action                     |  1- 3 |  4- 6 |  7- 9 || total
---------------------------+-------+-------+-------++-------
  Melee: Hand axe          |    75 |   130 |     9 ||   214
         Headbutt          |     8 |    19 |       ||    27
         Punch             |       |     2 |       ||     2
 Invoke: Berserk           |     1 |     2 |       ||     3
 Armour: Leather armour    |    23 |       |       ||    23
         Animal skin       |     3 |       |       ||     3
         Scale mail        |       |    56 |       ||    56
         Plate armour      |       |       |    17 ||    17
  Dodge: Dodged            |    50 |    80 |    13 ||   143
